 Dungeon Crawl Stone Soup version bcrawl-1.40.3b (webtiles) character file.

Game seed: 11797352588462665021

444710 tauben the Basher (level 14, -12/146 HPs)
             Began as an Ogre Fighter on Mar 22, 2024.
             Was an Initiate of Gozag.
             Mangled by a small abomination (19 damage)
             ... on level 6 of the Lair of Beasts.
             The game lasted 00:55:27 (16772 turns).

tauben the Basher (Ogre Fighter)                   Turns: 16772, Time: 00:55:27

Health: -12/146    AC:  5    Str: 33    XL:     14   Next: 3%
Magic:  27/27      EV:  9    Int:  9    God:    Gozag
Gold:   1683       SH: 14    Dex:  8    Spells: 19/31 levels left

rFire    . . .     GDR:     19% i - +6 flail "Concordance" {crush, +Fly rN++}
rCold    + + .     SeeInvis .   c - +2 medium shield
rNeg     + + .     Gourm    .   I - +1 robe {rC+}
rPois    +         Faith    .   (helmet restricted)
rElec    .         Spirit   .   w - +0 cloak of a Labyrinth {Str+6}
rCorr    .         Reflect  .   (gloves unavailable)
MR       +....                  (boots unavailable)
Stlth    +.........             y - amulet of regeneration
HPRegen  1.15/turn              j - ring of protection from cold
MPRegen  0.20/turn              r - ring of poison resistance

@: no status effects
A: large, unfitting armour, tough skin 1
a: Potion Petition, Call Merchant, Bribe Branch, Renounce Religion, Evoke Flight


You were on level 6 of the Lair of Beasts.
You worshipped Gozag.
Gozag was most pleased with you.
You were not hungry.

You visited 3 branches of the dungeon, and saw 17 of its levels.

You collected 3620 gold pieces.
You spent 178 gold pieces at shops.
You paid 1759 gold pieces to Gozag.

Inventory:

Hand Weapons
 i - the +6 flail "Concordance" (weapon) {crush, +Fly rN++}
   (You bought it in a shop on level 5 of the Lair of Beasts)

   It will always inflict at least some extra damage.
   This minimum extra damage increases with your current reserve of magical
   power.
   It greatly protects you from negative energy.
   It lets you fly.
Missiles
 m - 34 javelins (quivered)
 n - 50 poisoned tomahawks
 o - 1242 arrows
Armour
 c - a +2 medium shield (worn)
 w - the +0 cloak of a Labyrinth (worn) {Str+6}
   (You found it on level 5 of the Dungeon)

   It affects your strength (+6).
 I - a +1 robe of cold resistance (worn)
Jewellery
 b - an uncursed ring of see invisible
 j - a ring of protection from cold (left hand)
 r - a ring of poison resistance (right hand)
 x - an uncursed ring of flight
 y - an amulet of regeneration (around neck)
Wands
 a - a wand of paralysis (5)
 g - a wand of acid (3)
 t - a wand of digging (11)
 z - a wand of flame (18)
 G - a wand of random effects (15)
 L - a wand of iceblast (19)
 O - a wand of polymorph (14)
Scrolls
 f - 2 scrolls of teleportation
 h - 6 scrolls of remove curse
 p - 3 scrolls of enchant weapon {unknown}
 q - 2 scrolls of blinking {unknown}
 s - 2 scrolls of revelation {unknown}
 u - 7 scrolls of amnesia
 v - 2 scrolls of vulnerability
 C - a scroll of fog {unknown}
 D - 2 scrolls of acquirement {unknown}
 N - a scroll of brand weapon {unknown}
Potions
 d - a potion of might
 l - a potion of agility
 A - 2 potions of lignification
 B - 2 potions of haste
 E - a potion of mutation
 F - 2 potions of brilliance
 H - a potion of magic {unknown}
 J - a potion of curing
Comestibles
 e - 19 rations {!d}


   Skills:
 + Level 11.6 Fighting
   Level 3.6 Short Blades
 - Level 14.0 Maces & Flails
 - Level 4.0 Dodging
 - Level 10.0 Shields
 - Level 9.0 Spellcasting
 - Level 9.0 Hexes
 - Level 5.0 Ice Magic
 - Level 5.0 Evocations


You had 19 spell levels left.
You knew the following spells:

 Your Spells              Type           Power        Failure   Level  Hunger
a - Tukima's Dance        Hex            ###.....     3%          3    None
b - Cause Fear            Hex            ###.......   11%         4    ##.....
c - Metabolic Englaciati  Hex/Ice        ###.......   56%         5    ####...

Your spell library contained the following spells:

 Spells                   Type           Power        Failure   Level  Hunger
 Corona                   Hex            ###....      1%          1    None
 Slow                     Hex            ###.....     1%          1    None
 Ensorcelled Hibernation  Hex/Ice        ###...       3%          2    None
 Confuse                  Hex            ###.....     3%          3    None
 Dazzling Orbs            Conj/Hex       ##.....      22%         3    None
 Apportation              Tloc           #.....       41%         1    None
 Infusion                 Chrm           #.......     41%         1    None
 Sandblast                Erth           #.....       41%         1    None
 Summon Butterflies       Summ           #.......     41%         1    None
 Freezing Cloud           Ice/Air        #.......     99%         5    ####...
 Bolt of Cold             Conj/Ice       #.........   100%        6    ######.
 Ozocubu's Refrigeration  Ice            ##........   100%        6    ######.
 Simulacrum               Ice/Necr       #.......     100%        6    ######.


Dungeon Overview and Level Annotations

Branches:
Dungeon (10/12)            Temple (1/1) D:5            Lair (6/6) D:8
  Swamp (0/3) Lair:3       Shoals (0/3) Lair:2          Elf (0/3) Lair:5
    Orc: D:8-11

Altars:
Ashenzari
Cheibriados
Dithmenos
Elyvilon
Fedhas
Gozag
Hepliaklqana
Kikubaaqudgha
Lugonu
Makhleb
Nemelex Xobeh
Okawaru
Qazlal
Ru
Sif Muna
Trog
Uskayaw
Vehumet
Wu Jian
Xom
Yredelemnul
Zin
The Shining One

Shops:
D:5 [   D:7 %!   Lair:5 (

Annotations:
Lair:3 1 runed translucent door, rumpelstilzz's ghost, journeyman TrWr


Innate Abilities, Weirdness & Mutations

You are too large for most types of armour.
You have tough skin. (AC +1)


Message History

* * * LOW HITPOINT WARNING * * *
The blink frog blinks!
You block the yak's attack. x2
The blink frog hits you!
* * * LOW HITPOINT WARNING * * *
The blink frog blinks!
You block the yak's attack. You block the yak's attack.
The small abomination hits you!
* * * LOW HITPOINT WARNING * * *
The blink frog hits you!!
* * * LOW HITPOINT WARNING * * *
The blink frog blinks!
As you read the scroll of fear, it crumbles to dust.
You assume a fearsome visage.
The blink frog looks frightened!
The small abomination is unaffected.
The yak looks frightened! x6
The four-headed hydra looks frightened!
You block the small abomination's attack.
The blink frog blinks!
The small abomination hits you!!
You die...
Your body crumbles into a pile of gold.

#..P.....F.......# .
##....#P........###.... .###
#....##.P.#............. ...P##
##...##.##......P.........
#....###.........................
.....P........................PP.
....................Y........P...
......<.....................#....
................@§.Y.Y......#....
.................x.YY.D.........#
...................Y.............
.................................
...................F..........##.
..........#.....§................
.........#.....##...........#..#.
..........#P.## ###..............
............ ##.........#...


You could see a four-headed hydra (fleeing), 6 yaks, a blink frog (fleeing) and
a small abomination.

Vanquished Creatures
  Fannar (Lair:2)
  Erica (D:9)
  3 hydras
  Erolcha (D:9)
  A catoblepas (Lair:6)
  A two-headed ogre (D:9)
  An alligator (Lair:5)
  A tengu warrior (D:10)
  A wolf spider zombie (D:8)
  Pikel (D:9)
  An ugly thing (D:6)
  6 black mambas
  A smoke demon (Lair:6)
  4 elephants
  12 cane toads
  2 rime drakes
  4 komodo dragons
  A queen bee (Lair:2)
  2 trolls (D:9)
  Grinder (D:4)
  Prince Ribbit (D:6)
  4 dream sheep
  A hornet (D:9)
  Grum (D:8)
  A bog body (Lair:3)
  21 blink frogs
  7 hippogriffs
  34 yaks
  Sigmund (D:5)
  2 wyverns
  A basilisk (Lair:4)
  A human (D:7)
  4 hogs (D:7)
  A hungry ghost (D:8)
  A warg (Lair:2)
  Edmund (D:5)
  8 crocodiles
  9 water moccasins
  5 porcupines
  5 ice beasts
  A black bear (D:9)
  A sky beast (D:5)
  2 necrophages
  3 orc warriors
  A phantom (D:6)
  5 ogres
  16 wolves
  3 kobold brigands
  8 bullfrogs
  2 centaurs
  2 scorpions (D:9)
  24 killer bees
  4 wights (D:9)
  An orc priest (D:7)
  A howler monkey (D:7)
  2 crimson imps
  A bullfrog zombie (D:7)
  2 jellies
  A gnoll shaman (D:9)
  8 hounds
  2 iguanas
  Ijyb (D:3)
  Terence (D:3)
  An orc wizard (D:6)
  4 hell rats (Lair:6)
  6 worker ants
  A hound skeleton (D:5)
  3 gnolls (D:9)
  3 howler monkey skeletons
  6 adders
  A shadow imp (D:6)
  An adder zombie (D:9)
  2 worms
  A dart slug (D:3)
  A leopard gecko (D:1)
  10 orcs
  5 bats
  3 giant cockroaches
  5 goblins
  9 hobgoblins
  5 jackals
  25 kobolds
  5 quokkas
  5 ball pythons
  3 rats
  A plant (Lair:6)
353 creatures vanquished.

Vanquished Creatures (others)
  A slave (D:9)
  A bush (Lair:5)
  15 fungi
  15 plants
32 creatures vanquished.

Grand Total: 385 creatures vanquished

Notes
Turn   | Place    | Note
-------+----------+-------------------------------------------
     0 | D:1      | tauben the Ogre Fighter began the quest for the Orb.
     0 | D:1      | Reached XP level 1. HP: 24/24 MP: 1/1
   156 | D:1      | Reached XP level 2. HP: 14/32 MP: 2/2
   928 | D:1      | Reached XP level 3. HP: 39/39 MP: 3/3
  1140 | D:2      | Found a blossoming altar of Fedhas.
  1534 | D:2      | Found a radiant altar of Vehumet.
  1845 | D:3      | Reached XP level 4. HP: 45/48 MP: 4/4
  1867 | D:3      | Noticed Ijyb
  1869 | D:3      | Noticed Terence
  1914 | D:2      | Reached skill level 3 in Maces & Flails
  2087 | D:3      | Noticed an ice beast
  2223 | D:3      | Killed Terence
  2224 | D:3      | Reached XP level 5. HP: 38/54 MP: 5/5
  2230 | D:3      | Killed an ice beast
  2460 | D:3      | Killed Ijyb
  2461 | D:3      | Reached XP level 6. HP: 32/62 MP: 6/6
  2851 | D:4      | Noticed Grinder
  2858 | D:4      | Paralysed by Grinder for 4 turns
  2878 | D:4      | Killed Grinder
  2879 | D:4      | Reached skill level 5 in Shields
  2879 | D:4      | Reached XP level 7. HP: 30/70 MP: 7/7
  3593 | D:5      | Entered Level 5 of the Dungeon
  3723 | D:5      | Found a sacrificial altar of Ru.
  3786 | D:5      | Found Zeuggu's Armour Shoppe.
  3816 | D:5      | Noticed Edmund
  3831 | D:5      | Killed Edmund
  3882 | D:5      | Got a slimy cloak
  3893 | D:5      | Identified the cursed +0 cloak of a Labyrinth {Str+6} (You
                  | found it on level 5 of the Dungeon)
  3946 | D:5      | Reached XP level 8. HP: 17/78 MP: 8/8
  4173 | D:5      | Reached skill level 4 in Maces & Flails
  4254 | D:5      | Noticed Sigmund
  4278 | D:5      | Killed Sigmund
  4279 | D:5      | Reached skill level 5 in Maces & Flails
  4582 | D:5      | Found a staircase to the Ecumenical Temple.
  4832 | Temple   | Entered the Ecumenical Temple
  4895 | Temple   | Became a worshipper of Gozag Ym Sagoz the Greedy
  5008 | D:6      | Reached skill level 6 in Maces & Flails
  5029 | D:6      | Noticed Prince Ribbit
  5226 | D:6      | Reached skill level 7 in Maces & Flails
  5226 | D:6      | Reached XP level 9. HP: 50/84 MP: 9/9
  5536 | D:6      | Killed Prince Ribbit
  5725 | D:6      | Noticed a red ugly thing
  5738 | D:6      | Killed a red ugly thing
  5739 | D:6      | Reached skill level 8 in Maces & Flails
  6021 | D:7      | Found Zakliob's Distillery.
  6031 | D:7      | Reached skill level 9 in Maces & Flails
  6409 | D:7      | Found Xofueq's Food Emporium.
  6465 | D:7      | Reached skill level 1 in Evocations
  6472 | D:7      | Reached XP level 10. HP: 37/92 MP: 9/11
  6657 | D:7      | Reached skill level 10 in Maces & Flails
  6795 | D:8      | Noticed Grum
  7821 | D:8      | Killed Grum
  7822 | D:8      | Reached skill level 10 in Shields
  7847 | D:8      | Noticed an elephant
  7939 | D:8      | Killed an elephant
  8071 | D:8      | Found a staircase to the Lair.
  8093 | D:8      | Reached skill level 11 in Maces & Flails
  8336 | D:8      | Found a burning altar of Makhleb.
  8615 | Lair:1   | Entered Level 1 of the Lair of Beasts
  8715 | Lair:1   | Noticed a cane toad
  8738 | Lair:1   | Killed a cane toad
  8739 | Lair:1   | Reached XP level 11. HP: 88/100 MP: 14/14
  8790 | Lair:1   | Reached skill level 5 in Evocations
  8896 | Lair:1   | Reached skill level 12 in Maces & Flails
  9207 | Lair:1   | Noticed a seven-headed hydra
  9444 | Lair:1   | Reached skill level 13 in Maces & Flails
  9888 | Lair:1   | Killed a seven-headed hydra
 10271 | Lair:2   | Reached skill level 14 in Maces & Flails
 10356 | Lair:2   | Reached skill level 5 in Fighting
 10709 | Lair:2   | Noticed Fannar
 10724 | Lair:2   | Killed Fannar
 10853 | Lair:2   | Found a staircase to the Shoals.
 11326 | D:9      | Reached XP level 12. HP: 116/123 MP: 15/15
 11429 | D:9      | Noticed Erica
 11446 | D:9      | Killed Erica
 11447 | D:9      | Reached skill level 10 in Fighting
 11457 | D:9      | Learned a level 3 spell: Tukima's Dance
 11549 | D:9      | Reached skill level 1 in Hexes
 11735 | D:9      | Noticed a two-headed ogre
 11736 | D:9      | Noticed Erolcha
 11884 | D:9      | Killed a two-headed ogre
 11966 | D:9      | Noticed Pikel
 11973 | D:9      | Killed Pikel
 12127 | D:9      | Killed Erolcha
 12128 | D:9      | Reached skill level 5 in Spellcasting
 12201 | D:10     | Entered Level 10 of the Dungeon
 12242 | D:10     | Noticed a tengu warrior
 12286 | D:10     | Killed a tengu warrior
 12287 | D:10     | Reached skill level 5 in Hexes
 13211 | Lair:3   | Noticed a six-headed hydra
 13217 | Lair:3   | Killed a six-headed hydra
 13277 | Lair:3   | Found a staircase to the Swamp.
 13433 | Lair:2   | Reached XP level 13. HP: 112/133 MP: 22/22
 13777 | Lair:3   | Learned a level 4 spell: Cause Fear
 13809 | Lair:3   | Found a runed translucent door.
 13811 | Lair:3   | Noticed rumpelstilzz's ghost (journeyman TrWr)
 15577 | Lair:5   | Learned a level 5 spell: Metabolic Englaciation
 15683 | Lair:5   | Reached skill level 1 in Ice Magic
 15810 | Lair:5   | Found a staircase to the Elven Halls.
 16021 | Lair:6   | Entered Level 6 of the Lair of Beasts
 16105 | Lair:5   | Bought an ichor-stained flail for 178 gold pieces
 16105 | Lair:5   | Identified the +6 flail "Concordance" {crush, +Fly rN++}
                  | (You bought it in a shop on level 5 of the Lair of Beasts)
 16341 | Lair:6   | Reached skill level 5 in Ice Magic
 16583 | Lair:6   | Reached XP level 14. HP: 124/146 MP: 27/27
 16771 | Lair:6   | HP: 6/146 [blink frog (18)]
 16772 | Lair:6   | Mangled by a small abomination

Skill      XL: |  1  2  3  4  5  6  7  8  9 10 11 12 13 |
---------------+----------------------------------------+-----
Shields        | 3 4 5 6 7 9 10 | 10.0
Dodging        | 3 4 |  4.0
Maces & Flails | 3 7 9 11 14 | 14.0
Short Blades   | 2 3 |  3.6
Evocations     | 1 4 5 |  5.0
Fighting       | 9 10 11 | 11.6
Spellcasting   | 6 9 |  9.0
Hexes          | 7 9 |  9.0
Ice Magic      | 5 |  5.0

Action                   |  1- 3 |  4- 6 |  7- 9 | 10-12 | 13-15 || total
-------------------------+-------+-------+-------+-------+-------++-------
Melee: Flail             |   133 |    30 |       |       |   138 ||   301
       Dagger            |       |    78 |    54 |       |       ||   132
       Unarmed           |       |    46 |       |       |       ||    46
       Dire flail        |       |       |   207 |   579 |       ||   786
       Whip              |       |       |       |   287 |   418 ||   705
Throw: Tomahawk          |       |       |       |    38 |    12 ||    50
       Javelin           |       |       |       |       |    38 ||    38
 Cast: Cause Fear        |       |       |       |       |     1 ||     1
Invok: Potion Petition   |       |       |     2 |     1 |       ||     3
       Call Merchant     |       |       |       |       |     1 ||     1
Evoke: Wand              |       |       |       |    12 |     1 ||    13
  Use: Potion            |     1 |     3 |     4 |    16 |       ||    24
       Scroll            |       |     3 |     7 |    11 |     6 ||    27
 Stab: Sleeping          |     1 |       |     1 |       |       ||     2
       Distracted        |       |       |       |       |     1 ||     1
  Eat: Chunk             |     7 |     8 |     4 |       |       ||    19
       Ration            |       |       |     3 |    10 |     6 ||    19
Armor: Robe              |    27 |    36 |    74 |   217 |    53 ||   407
       Skin              |       |       |       |     7 |       ||     7
Dodge: Dodged            |    46 |    56 |   100 |   341 |    80 ||   623
Block: Medium shield     |    52 |    53 |    13 |   125 |   225 ||   468
